 Dungeon Crawl Stone Soup version 0.29.0-4-gdea44cf6ec (webtiles) character file.

Game seed: 11303566400891454362

34 qw the Chopper (level 3, -1/29 HPs)
             Began as a Formicid Cinder Acolyte on Sept 3, 2022.
             Was an Elder of Ignis.
             Slain by a gnoll
             ... wielding a +0 halberd
              (11 damage)
             ... on level 2 of the Dungeon.
             The game lasted 00:00:31 (1786 turns).

qw the Chopper (Formicid Cinder Acolyte)            Turns: 1786, Time: 00:00:31

Health: -1/29      AC: 12    Str: 26    XL:     3   Next: 50%
Magic:  4/4        EV: 10    Int: 13    God:    Ignis [****..]
Gold:   10         SH:  0    Dex:  9    Spells: 4/4 levels left

rFire   + . .      SeeInvis +   Y - -1 hand axe (flame)
rCold   . . .      Faith    .   (no shield)
rNeg    . . .      Spirit   .   d - +0 ring mail
rPois   .          Reflect  .   (helmet unavailable)
rElec   .          Harm     .   (no cloak)
rCorr   .          Rampage  .   (no gloves)
Will    .....                   (no boots)
Stlth   ..........              (no amulet)
HPRegen 0.09/turn               h - +6 ring of strength
MPRegen 0.09/turn               (no ring)

@: fiery-armoured
A: permanent stasis, dig shafts and tunnels, antennae 3, four strong arms
a: Dig, Shaft Self, Renounce Religion, Fiery Armour, Foxfire Swarm, Rising Flame


You were on level 2 of the Dungeon.
You worshipped Ignis.
Ignis was greatly pleased with you.
You visited 1 branch of the dungeon, and saw 2 of its levels.

You collected 40 gold pieces.
You spent 30 gold pieces at shops.


Innate Abilities, Weirdness & Mutations

You cannot be hasted, slowed, berserked, paralysed or teleported.
You can dig through walls and to a lower floor.
You have a pair of large antennae on your head. (SInv)
Your four strong arms can wield two-handed weapons with a shield.


   Skills:
 - Level 3.2 Fighting
 + Level 4.0 Axes
 - Level 1.3 Armour
 - Level 1.1 Spellcasting
 - Level 3.0 Fire Magic


You had 4 spell levels left.
You didn't know any spells.
Your spell library contained the following spells:

 Spells                   Type           Power      Damage    Failure   Level
 Scorch                   Fire           16%        2d6       19%         2

Inventory:

Hand Weapons
 Y - a -1 hand axe of flaming (weapon)
Armour
 d - a +0 ring mail (worn)
Jewellery
 h - a +6 ring of strength (left hand)
Potions
 f - 2 potions of curing
 i - a potion of flight {unknown}

Dungeon Overview and Level Annotations

Branches:
Dungeon (2/15)

Altars:

Shops:
D:1 *


Message History

The gnoll hits you from afar with a +0 halberd.
The gnoll hits you with a +0 spear.
The gnoll is burned by your cloak of flames.
The gnoll is almost dead.
You hit the gnoll. You burn the gnoll.
You kill the gnoll!
The gnoll closely misses you.
The gnoll hits you from afar with a +0 spear.
Your Armour skill increases to level 1!
You hit the hobgoblin but do no damage. The hobgoblin closely misses you.
The gnoll hits you but does no damage. The gnoll barely misses you.
You hit the hobgoblin but do no damage. The gnoll hits you but does no damage.
The gnoll barely misses you. The hobgoblin closely misses you.
The gnoll hits you but does no damage.
The hobgoblin hits you but does no damage.
The hobgoblin is burned by your cloak of flames.
The hobgoblin is almost dead.
The gnoll hits you but does no damage.
You barely miss the hobgoblin.
The hobgoblin is almost dead.
You hit the worm. You burn the worm. You hit the kobold. You burn the kobold.
You kill the kobold!
The gnoll hits you from afar with a +0 spear.
The hobgoblin barely misses you. The worm bites you but does no damage.
The worm is burned by your cloak of flames.
The worm is moderately wounded.
The gnoll barely misses you.
You hit the hobgoblin. You burn the hobgoblin.
You kill the hobgoblin!
You barely miss the worm.
The gnoll hits you from afar with a +0 halberd.
The gnoll closely misses you.
You hit the worm but do no damage.
The worm is moderately wounded.
The worm bites you but does no damage.
The worm is burned by your cloak of flames.
The worm is severely wounded.
The gnoll hits you from afar with a +0 halberd!
You die...

#### #. #...##.
.....#. [......
.......###
.....g...
......w)#######
.....g%@....%.#
......))#####.#
......>## #<# {
.###.#. #.#
..... #.#
....## #.#
.#### ..# ###


You could see a worm and 2 gnolls.

Vanquished Creatures
  A gnoll (D:2)
  A dart slug (D:1)
  An endoplasm (D:1)
  4 goblins (D:1)
  4 hobgoblins
  3 kobolds
  2 quokkas
  2 ball pythons
  2 frilled lizards (D:1)
20 creatures vanquished.

Notes
Turn   | Place    | Note
-------+----------+-------------------------------------------
     0 | D:1      | qw the Formicid Cinder Acolyte began the quest for the Orb.
     0 | D:1      | Reached XP level 1. HP: 18/18 MP: 2/2
     0 | D:1      | 0 ||| qw: Version: 0.1-a-100-g36b9a1f
     0 | D:1      | 0 ||| qw: Game counter: 5054
     0 | D:1      | 0 ||| qw: Always use a shield: true
     0 | D:1      | 0 ||| qw: God list: Okawaru
     0 | D:1      | 0 ||| qw: Allow faded altars: false
     0 | D:1      | 0 ||| qw: Do Orc after D:15 true
     0 | D:1      | 0 ||| qw: Do second Lair branch before Depths: true
     0 | D:1      | 0 ||| qw: Lair rune preference: random
     0 | D:1      | 0 ||| qw: Plans: Normal
     0 | D:1      | 0 ||| PLANNING D:1-11
   592 | D:1      | Reached XP level 2. HP: 15/24 MP: 3/3
   593 | D:1      | 593 ||| INVOKING Fiery Armour.
   906 | D:1      | 906 ||| INVOKING Fiery Armour.
  1242 | D:1      | Found Ciuzxi Xotao's Assorted Antiques.
  1252 | D:1      | 1252 ||| SHOPLISTING brass ring (85 gold, have 40).
  1252 | D:1      | 1252 ||| BUYING dark potion (15 gold).
  1252 | D:1      | Bought a dark potion for 15 gold pieces
  1252 | D:1      | 1252 ||| BUYING metallic blue potion (15 gold).
  1252 | D:1      | Bought a metallic blue potion for 15 gold pieces
  1252 | D:1      | 1252 ||| SHOPLISTING metallic blue potion (15 gold, have
                  | 10).
  1252 | D:1      | 1252 ||| SHOPLISTING necklace of Bloodlust {*Rage Will++
                  | Int-3 Slay+6} (770 gold, have 10).
  1252 | D:1      | 1252 ||| SHOPLISTING scroll labelled GIYSTU ADIC (17 gold,
                  | have 10).
  1347 | D:1      | 1347 ||| UPGRADING to +0 ring mail.
  1357 | D:1      | 1357 ||| DROPPING +0 robe.
  1358 | D:1      | 1358 ||| UPGRADING to +6 ring of strength.
  1359 | D:1      | 1359 ||| READING 2 scrolls labelled ONUDUETUIGE.
  1360 | D:1      | 1360 ||| READING scroll labelled EWUKHL ONGYUSI.
  1361 | D:1      | 1361 ||| READING scroll labelled CEOTUVVEOGAZ.
  1362 | D:1      | 1362 ||| READING scroll labelled GUOSOI LOROSHE.
  1363 | D:1      | 1363 ||| READING scroll labelled WARAJU EFEOC.
  1364 | D:1      | 1364 ||| DRINKING 3 metallic blue potions.
  1365 | D:1      | 1365 ||| DROPPING scroll of fear.
  1366 | D:1      | 1366 ||| Stepping randomly (stuck).
  1367 | D:1      | 1367 ||| Stepping ~*~*~tactically~*~*~ (cloud).
  1371 | D:1      | HP: 6/24 [poisoned by you (poison gas)]
  1375 | D:1      | HP: 2/24 [poisoned by you (poison gas)]
  1768 | D:2      | Reached skill level 4 in Axes
  1768 | D:2      | Reached XP level 3. HP: 29/29 MP: 4/4
  1773 | D:2      | 1773 ||| INVOKING Fiery Armour.
  1782 | D:2      | Reached skill level 1 in Armour
  1786 | D:2      | Slain by a gnoll

Levels and vault maps discovered:
D:1:      nzn_arrival_settlement, layout_loops_corners, serial_shops, shop
D:2:      layout_loops_ring, shapermc_ecumenical_altar_mp_ritualfount,
          kennysheep_minor_cross, minmay_misc_feat_secret_circle,
          nrook_loot_triangle, uniq_robin

Skill      XL: |  1  2  3 |
---------------+----------+-----
Axes           | 4 |  4.0
Armour         | 1 |  1.3
Fighting       | |  3.2
Spellcasting   | |  1.1
Fire Magic     | |  3.0

Action                   || total
-------------------------++-------
Melee: Hand axe          ||    69
       Punch             ||     1
Invok: Fiery Armour      ||     3
  Use: Scroll            ||     5
       Potion            ||     1
Armor: Robe              ||     8
       Ring mail         ||    14
Dodge: Dodged            ||    39

Table legend:
 A = Non-vault XP
 B = Vault XP
 C = Vault XP percentage of total XP
 D = Non-vault monster count
 E = Vault monster count
 F = Vault count percentage of total count
                 A         B        C        D         E       F
            +---------+---------+-------+---------+---------+-------
      Total |      49 |       0 |   0.0 |      20 |       0 |   0.0
            +---------+---------+-------+---------+---------+-------
        D:1 |      25 |       0 |   0.0 |      13 |       0 |   0.0
        D:2 |      24 |       0 |   0.0 |       7 |       0 |   0.0
            +---------+---------+-------+---------+---------+-------
